 Dungeon Sprint DCSS version 0.28.0-43-g3370ac3207 (webtiles) character file.

Game seed: 11950953323948334056

42 boopmooplesden the Slasher (level 3, -1/37 HPs)
             Began as a Minotaur Berserker on Mar 2, 2022.
             Was a Believer of Trog.
             Slain by a merfolk siren
             ... wielding a +0 spear
              (2 damage)
             ... in the Dungeon (Sprint II: "The Violet Keep of Menkaure").
             The game lasted 00:00:22 (265 turns).

boopmooplesden the Slasher (Minotaur Berserker)      Turns: 265, Time: 00:00:23

Health: -1/37      AC:  2    Str: 23    XL:     3   Next: 35%
Magic:  2/2        EV: 12    Int:  4    God:    Trog [**....]
Gold:   243        SH:  0    Dex:  9    Spells: 2/2 levels left

rFire   . . .      SeeInvis .   a - +0 falchion
rCold   . . .      Faith    .   (no shield)
rNeg    . . .      Spirit   .   b - +0 animal skin
rPois   .          Reflect  .   (helmet restricted)
rElec   .          Harm     .   (no cloak)
rCorr   .          Rampage  .   (no gloves)
Will    .....      NoTele   +   (no boots)
Stlth   +.........              (no amulet)
HPRegen 0.12/turn               (no ring)
MPRegen 0.08/turn               (no ring)

@: mesmerised
A: horns 2, retaliatory headbutt
a: Renounce Religion, Berserk, Trog's Hand


You were in the Dungeon.
You worshipped Trog.
Trog was pleased with you.
You visited 1 branch You collected 243 gold pieces.

Inventory:

Hand Weapons
 a - a +0 falchion (weapon)
Armour
 b - a +0 animal skin (worn)
Scrolls
 h - a scroll of blinking
Potions
 c - a potion of curing
 d - a potion of heal wounds
 e - a potion of haste
 f - 2 potions of magic
 g - a potion of berserk rage


   Skills:
 + Level 6.2 Fighting
 + Level 6.3 Long Blades
 + Level 3.3 Armour
 + Level 3.0 Dodging
 + Level 0.2 Stealth


You had 2 spell levels left.
You didn't know any spells.
Your spell library was empty.

Dungeon Overview and Level Annotations

Branches:
Dungeon (1/1)

Altars:


Innate Abilities, Weirdness & Mutations

You have a pair of horns on your head.
You reflexively headbutt those who attack you in melee.


Message History

Your experience leads to an increase in your attributes!
Increase (S)trength, (I)ntelligence, or (D)exterity?
You feel stronger. x2
There is an open door here.
There is an open door here.
There is an open door here.
You open the door.
A merfolk siren comes into view. It is wielding a +0 spear.
The merfolk siren shouts!
Found 243 gold pieces.
The merfolk siren hits you with a +0 spear!
There is an open door, spattered with blood here.
You closely miss the merfolk siren.
The merfolk siren hits you with a +0 spear!
* * * LOW HITPOINT WARNING * * *
You hit the merfolk siren.
The merfolk siren is lightly wounded.
The merfolk siren chants a haunting song.
You are mesmerised by the merfolk siren!
You hit the merfolk siren but do no damage.
The merfolk siren is lightly wounded.
The merfolk siren chants its luring song.
You are too mesmerised to rage.
You hit the merfolk siren. Your headbutt misses the merfolk siren.
The merfolk siren is lightly wounded.
The merfolk siren chants its luring song.
You hit the merfolk siren. You headbutt the merfolk siren!
The merfolk siren is heavily wounded.
The merfolk siren chants its luring song.
You barely miss the merfolk siren. Your headbutt misses the merfolk siren.
The merfolk siren is heavily wounded.
The merfolk siren hits you with a +0 spear.
* * * LOW HITPOINT WARNING * * *
You barely miss the merfolk siren.
The merfolk siren is heavily wounded.
The merfolk siren chants its luring song.
You hit the merfolk siren.
The merfolk siren is heavily wounded.
The merfolk siren hits you with a +0 spear.
You die...

#### ..# ###..##
#+###.##..#
##.##...#..#
+.<.'##.'..#
##.##.###....#
#@###.##§.....≈≈
#.m.####≈≈.§...≈#
#..#..# ≈≈≈≈§..≈#
##. .##
≈≈≈§≈≈≈.≈# ## ##
≈≈§§≈≈≈≈≈#
≈≈≈≈§≈≈≈≈≈#


You could see a merfolk siren (mesmerising).

Vanquished Creatures
  Menkaure (D)
  3 worms (D)
4 creatures vanquished.

Vanquished Creatures (others)
  A water moccasin (D)
1 creature vanquished.

Grand Total: 5 creatures vanquished

Notes
Turn   | Place    | Note
-------+----------+-------------------------------------------
     0 | D        | boopmooplesden the Minotaur Berserker began the quest for
                  | the Orb.
     0 | D        | Reached XP level 1. HP: 19/19 MP: 0/0
    18 | D        | Reached ** piety under Trog
    19 | D        | Reached XP level 2. HP: 7/28 MP: 1/1
   236 | D        | Killed a water moccasin
   239 | D        | Noticed Menkaure
   244 | D        | Killed Menkaure
   245 | D        | Reached XP level 3. HP: 26/37 MP: 2/2
   256 | D        | Noticed a merfolk siren
   263 | D        | HP: 1/37 [merfolk siren/+0 spear (5)]
   265 | D        | Slain by a merfolk siren

Illustrated notes

Levels and vault maps discovered:
D:        the_violet_keep_of_menkaure [sprint2_stairs_cluster_1,
          sprint2_shoproom, sprint2_temple, sprint2_basic_supplies,
          sprint2_obstacle_3, sprint2_obstacle_2, sprint2_obstacle_1,
          sprint2_obstacle_4, sprint2_obstacle_7, sprint2_timed_cluster_1,
          sprint2_smallroom_cluster_1, sprint2_smallroom_final_cluster_1,
          sprint2_transparent_cluster_1, sprint2_second_timed_cluster_1,
          sprint2_sniper_area_1, sprint2_heavy_combat_area_1,
          sprint2_mutation_trap_area_1, sprint2_forest_area_1,
          sprint2_light_combat_area_1, sprint2_behind_water_1,
          sprint2_near_end_vault_1]

Skill      XL: |  1  2 |
---------------+-------+-----
Fighting       | 4 6 |  6.2
Long Blades    | 4 6 |  6.3
Armour         | 3 |  3.3
Dodging        | 3 |  3.0
Stealth        | |  0.2

Action                   || total
-------------------------++-------
Melee: Falchion          ||    23
       Headbutt          ||     7
       Punch             ||     1
Dodge: Dodged            ||     4
